 Dungeon Crawl Stone Soup version 0.26.1-11-gd32895ea62 (webtiles) character file.

Game seed: 13980976339062724147

18 Almogavar the Gusty (level 2, -5/11 HPs)
             Began as a Felid Air Elementalist on May 20, 2021.
             Slain by a worm (8 damage)
             ... on level 1 of the Dungeon.
             The game lasted 00:02:57 (1483 turns).

Almogavar the Gusty (Felid Air Elementalist)        Turns: 1483, Time: 00:02:57

Health: -5/11      AC:  1    Str:  4    XL:     2   Next: 51%
Magic:  0/6        EV: 18    Int: 16    God:
Gold:   61         SH:  0    Dex: 16    Spells: 2/5 levels left
                                        Lives:  0   Deaths: 0

rFire    . . .     SeeInvis +   (weapon unavailable)
rCold    . . .     Faith    .   (shield unavailable)
rNeg     . . .     Spirit   .   (armour unavailable)
rPois    .         Reflect  .   (helmet unavailable)
rElec    .         Harm     .   (cloak unavailable)
rCorr    .         Rampage  .   (gloves unavailable)
Will     .....                  (boots unavailable)
Stlth    +++.......             (no amulet)
HPRegen  0.03/turn              (no ring)
MPRegen  0.10/turn              (no ring)

@: quick
A: very small, no armour, no weapons or thrown items, stealth, claws 1, fangs 3,
see invisible, speed 1, shaggy fur 1, sharp paws
a: no special abilities


You were on level 1 of the Dungeon.
You visited 1 branch of the dungeon, and saw 2 of its levels.

You collected 61 gold pieces.

Inventory:

Scrolls
 d - 2 scrolls of remove curse {unknown}


   Skills:
 + Level 2.9 Dodging
 + Level 3.0 Stealth
 + Level 2.1 Spellcasting
 + Level 1.1 Conjurations
 + Level 3.1 Air Magic


You had 2 spell levels left.
You knew the following spells:

 Your Spells              Type           Power        Failure   Level
a - Shock                 Conj/Air       32%          9%          1
b - Swiftness             Air            11%          9%          2

Your spell library contained the following spells:

 Spells                   Type           Power        Failure   Level
 Static Discharge         Conj/Air       8%           26%         3
 Airstrike                Air            5%           50%         4
 Lightning Bolt           Conj/Air       4%           93%         5


Dungeon Overview and Level Annotations

Branches:
Dungeon (2/15)

Altars:


Innate Abilities, Weirdness & Mutations

You cannot wear armour.
You are incapable of wielding weapons or throwing items.
Your paws allow you to move quietly. (Stealth)
You have sharp claws.
You have razor-sharp teeth.
You have supernaturally acute eyesight. (SInv)
You cover ground quickly.
You are covered in fur. (AC +1)
Your sharp claws are effective at attacking unaware monsters.


Message History

The bat completely misses you. The worm barely misses you.
You climb upwards.
There is a stone staircase leading down here.
Casting: Shock (safe; 9% risk of failure)
Confirm with . or Enter, or press ? or * to list all spells.
Aiming: Shock (safe; 9% risk of failure)
Press: ? - help, Shift-Dir - straight line, f - worm
Aim: a worm (severely wounded, 11% to evade)
The zap hits the worm.
The worm is almost dead.
Casting: Shock (safe; 9% risk of failure)
Confirm with . or Enter, or press ? or * to list all spells.
Aiming: Shock (safe; 9% risk of failure)
Press: ? - help, Shift-Dir - straight line, f/p - worm
Aim: a worm (severely wounded, 11% to evade)
The zap hits the worm.
The worm is almost dead.
The worm bites you!
Ouch! That really hurt!
You die...

#..##...>.># ##.##...#.#
#..#######.# ##.........# #..#
#.###........... #..#
#...........(..#
######..###########........#.#
##.............# ###....#.##.#
#........#####.# #......#.##.#
#..####.## #.# #.##..[.....#
#..####.#### #@# #.####..††..#
#..........# #w# #.# ###.##.#
####.#######.# #.# #.# #.##.†
.........# #.# #># #.# #.....
..######.# #.###.##
#.########### ### #.#
#......###.........# #.#
#.##...............# #.#
#.###..###.........#
##.###...##.# #.........###


You could see a worm.

Vanquished Creatures
  A leopard gecko (D:1)
  4 bats (D:1)
  3 hobgoblins (D:1)
  A frilled lizard (D:1)
  2 goblins (D:1)
  3 kobolds (D:1)
  4 rats (D:1)
18 creatures vanquished.

Notes
Turn   | Place    | Note
-------+----------+-------------------------------------------
     0 | D:1      | Almogavar the Felid Air Elementalist began the quest for
                  | the Orb.
     0 | D:1      | Reached XP level 1. HP: 7/7 MP: 4/4
   510 | D:1      | Reached skill level 1 in Conjurations
   580 | D:1      | Reached XP level 2. HP: 11/11 MP: 3/6
   771 | D:1      | Learned a level 2 spell: Swiftness
  1483 | D:1      | Slain by a worm

Illustrated notes

Levels and vault maps discovered:
D:1:      elethiomel_arrival_maze, layout_loops_ring
D:2:      minmay_general_purpose_star, layout_basic, lemuel_crystal_altar,
          uniq_jessica, uniq_sigmund

Skill      XL: |  1  2 |
---------------+-------+-----
Air Magic      | 3 |  3.1
Conjurations   | 1 |  1.1
Stealth        | 3 |  3.0
Dodging        | |  2.9
Spellcasting   | |  2.1

Action                   || total
-------------------------++-------
Melee: Unarmed           ||    27
       Bite              ||     3
 Cast: Shock             ||    38
  Use: Scroll            ||     2
Armor: Skin              ||     2
Dodge: Dodged            ||    32
